Map: Oxide LE

Players

Gnarborg

  • Race: Terran Terran
  • League: Diamond

ViBE - Winner!

  • Race: Zerg Zerg
  • League: Master

VOD

Have the link to the VOD?

Description

Time

  • Played on: May 1, 2021, 8:03 p.m.
  • Length: 14:45
Show
View Real Time Build Order
Export as new Build Order

Gnarborg Terran 

Build Orders: Hellion Opening, Reaper Expand 

Get SALT Encoding   

  12  0:00  SCV  
  13  0:12  SCV  
  14  0:17  Supply Depot  
  14  0:24  SCV  
  15  0:39  SCV  
  15  0:40  Barracks  
  16  0:43  Refinery  
  16  0:51  SCV  
  17  1:03  SCV  
  18  1:15  SCV  
  19  1:27  Reaper  
  19  1:28  Orbital Command  
  20  1:40  Command Center  
  20  1:49  Supply Depot  
  20  1:53  SCV  
  21  1:59  Marine  
  22  2:05  SCV  
  23  2:08  Factory  
  23  2:16  Refinery  
  23  2:18  SCV  
  23  2:20  Barracks Reactor  
  24  2:30  SCV  
  25  2:42  SCV  
  26  2:54  SCV, Orbital Command  
  26  2:55  Starport  
  27  3:05  Hellion x2  
  31  3:06  SCV  
  32  3:17  Barracks Tech Lab, Supply Depot  
  32  3:18  SCV  
  33  3:21  SCV  
  33  3:27  Hellion x2  
  36  3:30  SCV  
  36  3:33  SCV, Viking  
  42  3:42  SCV  
  42  3:45  SCV  
  44  3:54  SCV  
  45  3:56  Hellion x2  
  45  3:57  SCV  
  45  4:02  Stimpack  
  50  4:05  Liberator  
  50  4:06  SCV  
  54  4:13  Supply Depot  
  54  4:26  SCV, Supply Depot  
  54  4:27  Hellion x2  
  54  4:29  SCV  
  60  4:39  SCV  
  60  4:41  SCV  
  62  4:51  SCV, Starport Reactor  
  63  4:53  SCV  
  63  4:58  Command Center  
  64  5:02  Factory Reactor  
  64  5:03  SCV  
  64  5:07  SCV  
  66  5:12  Engineering Bay  
  66  5:13  Barracks, Engineering Bay  
  66  5:14  Refinery  
  66  5:15  Refinery, SCV  
  66  5:16  Barracks  
  66  5:19  SCV  
  66  5:27  SCV  
  67  5:32  SCV  
  68  5:39  SCV  
  67  5:44  SCV  
  67  5:49  Combat Shield  
  68  5:51  SCV  
  68  5:54  Barracks  
  68  5:55  Barracks  
  68  5:56  SCV  
  70  6:01  Factory Tech Lab  
  70  6:03  SCV  
  71  6:08  SCV  
  59  6:14  Orbital Command  
  59  6:15  SCV  
  57  6:20  SCV  
  57  6:21  Siege Tank  
  57  6:24  Marine x2  
  57  6:25  Marine  
  64  6:26  Medivac x2  
  66  6:36  Marine x2  
  66  6:39  SCV x2  
  70  6:40  Orbital Command, Terran Infantry Weapons Level 1, Terran Infantry Armor Level 1  
  70  6:42  Marine x3  
  73  6:49  Supply Depot x2  
  73  6:50  Barracks Reactor x2  
  73  6:53  Siege Tank  
  73  6:54  Marine x2  
  76  6:56  Medivac x2  
  76  6:57  Supply Depot  
  76  6:58  Supply Depot  
  76  7:00  Marine x3  
  85  7:04  Armory  
  85  7:11  Marine  
  86  7:20  SCV x2  
  86  7:21  SCV  
  89  7:24  Marine x4  
  93  7:35  Marine x5  
  93  7:36  Medivac, Siege Tank  
  93  7:37  Medivac  
  105  7:42  Marine x2  
  105  7:43  SCV x3  
  110  7:47  Refinery  
  110  7:49  Refinery  
  110  7:55  SCV x3  
  113  7:59  Command Center, Supply Depot  
  113  8:00  Supply Depot  
  113  8:03  Marine x7  
  113  8:04  Marine x2  
  122  8:06  Medivac  
  124  8:14  SCV  
  125  8:21  SCV x2, Barracks, Marine, Medivac, Siege Tank  
  125  8:22  Barracks  
  125  8:23  Supply Depot x2  
  125  8:24  Barracks, Supply Depot  
  125  8:25  Supply Depot x3  
  133  8:30  Marine x8  
  141  8:52  Marine x9  
  141  8:53  Medivac x2, Siege Tank  
  159  9:10  Marine  
  159  9:12  Barracks Tech Lab x3  
  159  9:13  Marine  
  159  9:14  Marauder, Marine x6  
  167  9:20  Factory  
  167  9:25  Siege Tank  
  167  9:28  Marine  
  173  9:46  Marauder x4, Marine x8  
  145  10:13  Marauder x4, Marine x4  
  153  10:19  Marine x3  
  153  10:20  Marine, Siege Tank  
  153  10:21  Medivac x2  
  162  10:22  Factory Reactor  
  162  10:23  Drilling Claws  
  162  10:31  Marine x2  
  162  10:34  Marauder x3  
  162  10:35  Marauder  
  172  10:36  Planetary Fortress  
  172  10:38  Marine x6  
  178  10:48  Marine  
  178  10:49  Marine  
  180  10:51  Refinery  
  180  10:52  Refinery  
  180  10:53  Widow Mine  
  180  10:56  Marauder x4  
  190  10:57  Sensor Tower, Medivac x2  
  194  11:14  Widow Mine  
  141  12:11  Command Center  
  141  12:12  SCV x3  
  141  12:14  Marauder x3, Marine x4  
  141  12:15  Marauder, Marine x3  
  159  12:16  Widow Mine x3, Medivac x2  
  169  12:23  Marine  
  169  12:25  Command Center  
  169  12:26  Terran Infantry Armor Level 2, Terran Infantry Weapons Level 2  
  169  12:29  Terran Vehicle And Ship Armor Level 1  
  170  12:32  Marine x5  
  170  12:33  Marine x2  
  170  12:34  Command Center  
  170  12:36  Marauder x4  
  185  12:38  Widow Mine x3  
  185  12:41  Marine  
  191  12:46  Medivac x2  
  191  12:50  Marine x2  
  197  13:10  Marine  
  197  13:11  Marauder  
  197  13:12  Marauder, Marine  
  197  13:13  Marauder  
  197  13:22  Marine x3  
  197  13:24  Marine  
  197  13:26  Marauder  
  186  13:30  SCV x4  
  186  13:33  Marauder x2  
  191  13:34  Marauder  
  193  13:42  SCV x3  
  193  13:43  SCV  
  193  13:47  Marauder  
  161  14:16  Marauder x4, Marine x4  
Show
View Real Time Build Order
Export as new Build Order

ViBE Zerg - Winner!

Build Orders: Hatch First 

Get SALT Encoding   

  12  0:00  Drone  
  13  0:16  Overlord  
  13  0:21  Drone  
  14  0:34  Drone x2  
  16  0:47  Drone  
  17  0:56  Hatchery  
  16  0:57  Drone  
  17  1:05  Drone  
  18  1:14  Spawning Pool  
  17  1:19  Drone  
  17  1:21  Extractor  
  17  1:31  Drone  
  18  1:38  Drone  
  19  1:48  Overlord  
  19  2:06  Queen  
  21  2:08  Queen  
  21  2:10  Zergling x2  
  21  2:11  Zergling x2  
  25  2:16  Drone  
  25  2:17  Drone  
  27  2:23  Drone  
  28  2:32  Spore Crawler  
  28  2:33  Drone  
  28  2:34  Drone  
  29  2:41  Metabolic Boost  
  29  2:44  Drone  
  31  2:55  Drone  
  31  2:56  Overlord  
  31  2:57  Hatchery  
  31  2:58  Queen  
  31  3:02  Drone x2  
  35  3:06  Drone  
  36  3:13  Overlord  
  36  3:18  Drone  
  37  3:22  Drone  
  37  3:23  Drone x3  
  41  3:29  Drone  
  41  3:32  Overlord  
  42  3:36  Drone  
  43  3:47  Drone  
  43  3:50  Zergling x8  
  47  3:56  Zergling x2  
  47  3:57  Zergling x4  
  50  4:03  Queen  
  50  4:09  Queen  
  54  4:16  Lair  
  54  4:23  Roach Warren  
  53  4:24  Overlord x2  
  53  4:31  Drone x7  
  60  4:35  Overlord x2  
  60  4:42  Queen  
  60  4:45  Queen  
  64  4:49  Overlord  
  64  4:50  Overlord  
  64  4:52  Drone x5  
  69  4:57  Drone  
  69  4:58  Drone, Baneling Nest  
  69  4:59  Drone  
  71  5:01  Extractor  
  71  5:02  Extractor  
  71  5:03  Drone x2  
  71  5:04  Drone  
  72  5:24  Drone x6  
  72  5:25  Drone x4  
  82  5:37  Extractor x2  
  75  5:43  Drone x6  
  75  5:47  Centrifical Hooks  
  81  5:57  Drone  
  81  5:58  Drone x3  
  79  6:10  Drone x11  
  80  6:14  Drone  
  81  6:19  Queen  
  81  6:21  Extractor  
  82  6:28  Hatchery  
  81  6:33  Drone x5, Evolution Chamber x2  
  81  6:35  Hydralisk Den  
  83  6:45  Hatchery  
  82  6:53  Drone  
  83  6:58  Zergling x14  
  83  6:59  Zergling x4  
  92  7:05  Overseer  
  92  7:10  Grooved Spines  
  92  7:11  Zerg Ground Armor Level 1  
  92  7:12  Zerg Melee Weapons Level 1  
  92  7:13  Zergling x2  
  92  7:14  Zergling x8  
  97  7:27  Zergling x2  
  97  7:28  Zergling x10  
  103  7:39  Drone x3  
  106  7:45  Baneling x12  
  106  7:46  Baneling x2  
  106  7:47  Baneling x3  
  106  7:58  Drone  
  106  7:59  Drone x3  
  106  8:00  Overlord x9  
  110  8:19  Drone x7  
  117  8:20  Drone x4  
  117  8:21  Muscular Augments  
  117  8:23  Extractor  
  117  8:26  Extractor  
  119  8:34  Zergling x24  
  121  8:40  Hatchery  
  130  8:47  Zergling x18  
  139  9:03  Infestation Pit  
  139  9:04  Zerg Ground Armor Level 2  
  139  9:06  Zerg Melee Weapons Level 2  
  139  9:07  Hydralisk x7  
  139  9:08  Hydralisk x9  
  170  9:12  Overlord  
  170  9:13  Overlord  
  170  9:36  Baneling x8  
  169  9:46  Zergling x28  
  169  9:47  Zergling x20  
  156  10:30  Zergling x2  
  156  10:31  Zergling x40  
  177  10:52  Hive  
  177  10:56  Baneling x2  
  177  10:57  Hatchery, Baneling x21, Zergling x2  
  177  10:58  Zergling x38  
  196  11:08  Zergling x8  
  196  11:10  Baneling  
  196  11:11  Baneling x14  
  193  11:36  Zergling x4  
  193  11:37  Zergling x18  
  182  11:56  Drone  
  182  12:04  Adrenal Glands  
  182  12:05  Zerg Melee Weapons Level 3, Zerg Ground Armor Level 3  
  182  12:06  Ultralisk Cavern  
  180  12:09  Queen  
  180  12:14  Hatchery, Drone  
  180  12:15  Drone x4  
  183  12:16  Drone x2  
  183  12:18  Zergling x2  
  183  12:19  Zergling x2  
  183  12:21  Overseer  
  183  12:22  Pneumatized Carapace, Burrow  
  190  12:24  Baneling  
  190  12:25  Baneling x25  
  190  12:29  Zergling x8  
  198  12:30  Zergling x10  
  199  12:56  Chitinous Plating  
  185  13:28  Ultralisk x2  
  185  13:31  Zergling x2  
  185  13:32  Zergling x20  
  198  13:50  Zergling x6  
  198  13:51  Zergling x6  
  198  13:53  Baneling  
  198  13:54  Baneling x9  
  200  13:55  Baneling  
  200  13:56  Baneling x6  
  184  14:12  Zergling x4  
  184  14:13  Zergling x46  
  184  14:14  Zergling x10  
Tags
 
Add a new tag
Caveats
  • Supply blocks, unpowered buildings, or Contaminate may cause inaccurate times.
  • Supply counts are checked every 10 seconds.